 Dungeon Crawl Stone Soup version 0.30-a0-715-gdb4ae3ece1 (webtiles) character file.

Game seed: 328657157587395256

248 mampy3000 the Chopper (level 5, -2/48 HPs)
             Began as a Minotaur Berserker on Jan 24, 2023.
             Was a Follower of Trog.
             Slain by Grinder (8 damage)
             ... on level 3 of the Dungeon.
             The game lasted 00:05:11 (1910 turns).

mampy3000 the Chopper (Minotaur Berserker)          Turns: 1910, Time: 00:05:12

Health: -2/48      AC:  4    Str: 22    XL:     5   Next: 86%
Magic:  4/4        EV: 12    Int:  4    God:    Trog [*.....]
Gold:   24         SH:  0    Dex: 11    Spells: 4/4 levels left

rFire   . . .      SeeInvis .    a - +0 hand axe
rCold   . . .      Faith    .    (no shield)
rNeg    . . .      Spirit   .    b - +0 animal skin
rPois   .          Reflect  .    (helmet restricted)
rElec   .          Harm     .    (no cloak)
rCorr   .          Rampage  .    (no gloves)
Will    ++...                    m - +1 pair of boots
Stlth   +                        (no amulet)
HPRegen 1.28/turn                (no ring)
MPRegen 0.09/turn                (no ring)

@: strong-willed, regenerating
A: horns 2, retaliatory headbutt
a: Renounce Religion, Berserk


You were on level 3 of the Dungeon.
You worshipped Trog.
Trog was aware of your devotion.
You visited 1 branch of the dungeon, and saw 3 of its levels.

You collected 24 gold pieces.

Inventory:

Hand Weapons
 a - a +0 hand axe (weapon)
Armour
 b - a +0 animal skin (worn)
 m - a +1 pair of boots (worn)
Scrolls
 c - 2 scrolls of immolation {unknown}
 e - a scroll of teleportation {unknown}
 f - a scroll of noise {unknown}
 g - 4 scrolls of identify {unknown}
 j - a scroll of silence {unknown}
 k - a scroll of brand weapon {unknown}
Potions
 d - 3 potions of mutation {unknown}
 h - a potion of invisibility {unknown}
 i - 2 potions of brilliance {unknown}
 l - a potion of resistance {unknown}
 n - a potion of ambrosia {unknown}
 o - a potion of curing {unknown}


   Skills:
 + Level 5.4 Fighting
 + Level 5.8 Axes
 + Level 3.1 Armour
 + Level 3.2 Dodging
 + Level 0.5 Stealth


You had 4 spell levels left.
You didn't know any spells.
Your spell library was empty.

Dungeon Overview and Level Annotations

Branches:
Dungeon (3/15)

Altars:

Shops:
D:2 *

Annotations:
D:3 Grinder


Innate Abilities, Weirdness & Mutations

You have a pair of horns on your head.
You reflexively headbutt those who attack you in melee.


Message History

You hit Grinder. Your headbutt misses Grinder.
Grinder is severely wounded.
Grinder hits you.
You writhe in agony.
* * * LOW HITPOINT WARNING * * *
You barely miss Grinder.
Grinder is severely wounded.
Grinder blinks!
Grinder gestures at you.
You suddenly lose the ability to move!
You can move again.
You see here a hobgoblin corpse.
You feel yourself speed up. Grinder gestures at you.
You shrug off the repeated paralysis!
Grinder grins, showing sharp teeth.
Grinder drinks a potion.
Grinder is healed!
Grinder gestures at you.
You barely resist. Grinder gestures at you. Pain shoots through your body!
* * * LOW HITPOINT WARNING * * *
Grinder gestures at you.
You suddenly lose the ability to move!
You can move again.
Your skin crawls.
You feel strong-willed.
You can no longer call upon Trog for regeneration and willpower.
You recover from your berserk rage.
You hit Grinder but do no damage. You headbutt Grinder.
Grinder is lightly wounded.
Grinder barely misses you.
You barely miss Grinder. Your headbutt misses Grinder.
Grinder is lightly wounded.
Grinder hits you!
* * * LOW HITPOINT WARNING * * *
You barely miss Grinder.
Grinder is lightly wounded.
Grinder says, "You look like you could use a good racking."
Grinder hits you!
You die...

#.#.#..#.# #.# !#.# ....
#.#.#..#.# #.# # .#.# ...
#.#.#..#.###.### .#.# #..#
#.#..........##. .#.##.#.#
#.#.#.##.##....# .#.#.##.#
#.#.#.##.##..##. ....###.##
#.#.#.##.##..# #
.#.###...#########.#.#........#
...)†..........5@.....<...##.##
.#.#.#...###########.##.####.#
........## #.##.# #.# .########
#.##.# #.# .# #.##.# #.#### ..
#.##.####.#... .#.
#......##..... ##.
#..#.#.#.##... #..#......##.#


You could see Grinder.

Vanquished Creatures
  Sigmund (D:2)
  A gnoll (D:1)
  3 adders (D:2)
  2 worms
  2 dart slugs
  6 endoplasms
  A giant cockroach (D:1)
  4 goblins
  3 hobgoblins
  2 jackals (D:1)
  4 kobolds
  3 ball pythons
  5 bats
  3 frilled lizards
  4 rats
44 creatures vanquished.

Notes
Turn   | Place    | Note
-------+----------+-------------------------------------------
     0 | D:1      | mampy3000 the Minotaur Berserker began the quest for the
                  | Orb.
     0 | D:1      | Reached XP level 1. HP: 19/19 MP: 0/0
   136 | D:1      | Reached XP level 2. HP: 20/27 MP: 1/1
   457 | D:1      | Reached XP level 3. HP: 29/33 MP: 2/2
   851 | D:2      | Noticed Sigmund
   859 | D:2      | Killed Sigmund
   860 | D:2      | Reached skill level 5 in Fighting
   860 | D:2      | Reached skill level 5 in Axes
   860 | D:2      | Reached XP level 4. HP: 42/42 MP: 3/3
   860 | D:2      | Reached XP level 5. HP: 48/48 MP: 4/4
   981 | D:2      | Found Kojeamif's Assorted Antiques.
  1436 | D:2      | Reached ** piety under Trog
  1839 | D:3      | Noticed Grinder
  1871 | D:3      | Paralysed by Grinder for 2 turns
  1889 | D:3      | Paralysed by Grinder for 2 turns
  1903 | D:3      | Paralysed by Grinder for 3 turns
  1910 | D:3      | Slain by Grinder

Illustrated notes

Levels and vault maps discovered:
D:1:      psy_arrival_fountain, layout_basic
D:2:      layout_loops_ring, serial_shops, nicolae_shop_crystal, uniq_sigmund,
          uniq_crazy_yiuf_cottage
D:3:      layout_loops_ring, mainiacjoe_overflow_divided_tiny, uniq_ijyb,
          uniq_grinder

Skill      XL: |  1  2  3 |
---------------+----------+-----
Axes           | 4 5 |  5.8
Fighting       | 4 5 |  5.4
Armour         | 3 |  3.1
Dodging        | 3 |  3.2
Stealth        | |  0.5

Action                     |  1- 3 |  4- 6 || total
---------------------------+-------+-------++-------
  Melee: Hand axe          |    48 |    60 ||   108
         Headbutt          |     6 |    14 ||    20
 Invoke: Berserk           |     1 |     1 ||     2
         Trog's Hand       |       |     2 ||     2
 Armour: Animal skin       |     8 |     7 ||    15
  Dodge: Dodged            |    30 |    31 ||    61

Table legend: (Time is in decaauts)
 A = Elapsed time spent in this place.
 B = Non-inter-level travel time spent in this place.
 C = Inter-level travel time spent in this place.
 D = Time resting spent in this place.
 E = Time spent auto-exploring this place.
 F = Levels seen in this place.
 G = Mean time per level.
                   A        B        C        D        E       F      G
               +--------+--------+--------+--------+--------+-----+--------+
         Total |   1939 |   1808 |    131 |      0 |   1414 |   3 |  646.3 |
       Dungeon |   1939 |   1808 |    131 |      0 |   1414 |   3 |  646.3 |
               +--------+--------+--------+--------+--------+-----+--------+

Top non-repeatable levels by time:
     D:2: 936 daAuts
     D:1: 730 daAuts
     D:3: 272 daAuts
